 Dungeon Crawl Stone Soup version 0.25.1-2-g60ff931df9 (webtiles) character file.

Game seed: 10426971609300097441

431 hellfireifrit the Skirmisher (level 6, -5/53 HPs)
             Began as a Draconian Berserker on Nov 5, 2020.
             Was a Priest of Trog.
             Slain by an orc warrior
             ... wielding a +1 mace of draining
              (6 damage)
             ... on level 4 of the Dungeon.
             The game lasted 00:29:46 (3914 turns).

hellfireifrit the Skirmisher (Draconian Berserker)  Turns: 3914, Time: 00:29:46

Health: -5/53      AC:  7    Str: 21    XL:     6   Next: 66%
Magic:  6/6        EV: 13    Int:  7    God:    Trog [***...]
Gold:   122        SH:  0    Dex: 11    Spells: 5/5 levels left

rFire    . . .     SeeInvis .   m - +0 trident
rCold    . . .     Gourm    .   (no shield)
rNeg     . . .     Faith    .   (armour unavailable)
rPois    .         Spirit   .   (helmet restricted)
rElec    .         Reflect  .   (no cloak)
rCorr    .         Harm     .   (no gloves)
MR       .....                  e - +0 pair of boots
Stlth    ++........             (no amulet)
HPRegen  0.17/turn              (no ring)
MPRegen  0.10/turn              (no ring)

@: lightly drained
A: unfitting armour, cold-blooded, AC +6
a: Berserk, Trog's Hand, Renounce Religion


You were on level 4 of the Dungeon.
You worshipped Trog.
Trog was most pleased with you.
You were not hungry.

You visited 1 branch of the dungeon, and saw 4 of its levels.

You collected 148 gold pieces.
You spent 26 gold pieces at shops.

Inventory:

Hand Weapons
 a - a +0 falchion
 g - a +0 hunting sling
 j - a +0 dagger
 m - a +0 trident (weapon)
 o - a +0 whip
 r - a +0 flail
Missiles
 i - 35 stones (quivered)
 C - 13 sling bullets
Armour
 e - a +0 pair of boots (worn)
 h - a +0 leather armour
 t - a +0 robe
 B - a +0 cloak
Jewellery
 c - an uncursed ring of fire
 v - a cursed ring of teleportation
Scrolls
 d - a scroll of magic mapping {unknown}
 l - 3 scrolls of noise
 q - a scroll of blinking
 u - a scroll of remove curse
 w - 2 scrolls of immolation {unknown}
 x - a scroll of amnesia {unknown}
 y - 4 scrolls of teleportation {unknown}
 z - a scroll of fog {unknown}
 A - a scroll of fear {unknown}
Potions
 f - a potion of brilliance {unknown}
 k - a potion of might {unknown}
 n - a potion of stabbing {unknown}
 p - 2 potions of lignification {unknown}
 s - a potion of haste {unknown}
Comestibles
 b - 5 rations


   Skills:
 + Level 4.6(4.2) Fighting
 + Level 4.0(3.6) Long Blades
 + Level 3.7(3.3) Polearms
 + Level 0.2(0.0) Throwing
 + Level 4.0(3.6) Dodging
 + Level 1.7(1.3) Stealth


You had 5 spell levels left.
You didn't know any spells.
Your spell library contained the following spells:

 Spells                   Type           Power        Failure   Level  Hunger
 Apportation              Tloc           #.....       43%         1    ##.....
 Summon Butterflies       Summ           #.......     43%         1    ##.....
 Lesser Beckoning         Tloc           #.........   80%         3    ####...
 Tukima's Dance           Hex            #.......     80%         3    ####...
 Alistair's Intoxication  Tmut/Pois      #.......     100%        5    ######.
 Invisibility             Hex            #.......     100%        6    #######


Dungeon Overview and Level Annotations

Branches:
Dungeon (4/15)
 Temple: D:4-7

Altars:

Shops:
D:4 ?


Innate Abilities, Weirdness & Mutations

Your plain brown scales are hard. (AC +6)
You cannot fit into any form of body armour.
You are cold-blooded and may be slowed by cold attacks.


Message History

The orc wizard hits you but does no damage. x2
You barely miss the orc wizard.
The orc wizard is almost dead.
The orc wizard hits you but does no damage.
You hit the orc wizard.
You kill the orc wizard!
Trog accepts your kill.
Trog appreciates your killing of a magic user.
The orc warrior throws a stone.
The stone hits you!
The orc warrior throws a stone.
The stone hits you.
You see here a stone.
The orc warrior throws a stone.
The stone hits you!
You see here a stone.
The orc warrior throws a stone.
The stone closely misses you.
The orc warrior throws a stone.
The stone barely misses you.
You see here 2 stones.
The orc warrior hits you with a +1 mace of draining!!
* * * LOW HITPOINT WARNING * * *
You feel drained.
You die...

#.........#########...#
................(.....####
##.#################.....#
.......# #.......##..#
##.###.# #.............
##.# #.# #.##########.#
.#.# #.# #.##o)# # .#.#
#.# ###.#o##(# .#.# #.#
#..)@## (. .#.# #.# #.#(##
..# ...# #.# #.#.# $o. $#
#..# #.# #.#.# ..8 # #..#
#.# #.#.# 8o ## # #..###.#
#...# .... .# .......#
###.#######.####..
#.>...## #............. #
#.#.#.# #.#.##.####.##..#


You could see an orc warrior and an orc.

Vanquished Creatures
  A scorpion (D:4)
  2 orc priests (D:4)
  2 orc wizards (D:4)
  Terence (D:2)
  Natasha (D:4)
  2 worker ants (D:4)
  5 adders
  An ooze (D:4)
  An adder skeleton (D:4)
  A worm (D:4)
  3 dart slugs
  4 leopard geckos
  12 orcs
  A ball python (D:4)
  3 giant cockroaches
  17 goblins
  3 hobgoblins
  6 jackals (D:2)
  5 quokkas
  10 bats
  2 frilled lizards
  A jackal skeleton (D:4)
  5 kobolds
  A leopard gecko zombie (D:4)
  8 rats
98 creatures vanquished.

Notes
Turn   | Place    | Note
-------+----------+-------------------------------------------
     0 | D:1      | hellfireifrit the Draconian Berserker began the quest for
                  | the Orb.
     0 | D:1      | Reached XP level 1. HP: 19/19 MP: 1/1
   215 | D:1      | Reached XP level 2. HP: 26/26 MP: 2/2
  1014 | D:2      | Reached XP level 3. HP: 26/31 MP: 3/3
  1089 | D:2      | Reached ** piety under Trog
  1607 | D:2      | Noticed Terence
  1625 | D:2      | Killed Terence
  1625 | D:2      | Reached skill level 1 in Stealth
  1625 | D:2      | Reached XP level 4. HP: 28/40 MP: 4/4
  2031 | D:3      | Reached skill level 1 in Polearms
  2287 | D:3      | Reached XP level 5. HP: 46/46 MP: 5/5
  2680 | D:4      | Reached *** piety under Trog
  3215 | D:4      | Found Gouskaq's Magic Scroll Boutique.
  3218 | D:4      | Bought a scroll of identify for 26 gold pieces
  3368 | D:4      | Reached XP level 6. HP: 11/52 MP: 6/6
  3734 | D:4      | Noticed Natasha
  3745 | D:4      | Killed Natasha
  3869 | D:4      | Noticed an orc warrior
  3914 | D:4      | HP: 1/53 [orc warrior/+1 mace of draining (18)]
  3914 | D:4      | Slain by an orc warrior

Illustrated notes

Levels and vault maps discovered:
D:1:      shiori_shiawase, layout_basic
D:2:      layout_basic, uniq_terence
D:3:      layout_basic, first_ration
D:4:      layout_basic, serial_shops, nicolae_shop_window_shopping,
          guppyfry_early_orc_mine, uniq_natasha

Skill      XL: |  1  2  3  4  5  6 |
---------------+-------------------+-----
Dodging        | 3 4 |  4.0
Long Blades    | 4 |  4.0
Stealth        | 1 |  1.7
Fighting       | 4 |  4.6
Polearms       | 1 3 |  3.7
Throwing       | |  0.2

Action                   |  1- 3 |  4- 6 || total
-------------------------+-------+-------++-------
Melee: Falchion          |    83 |       ||    83
       Tailslap          |    18 |    22 ||    40
       Trident           |    52 |   230 ||   282
Throw: Stone             |       |    11 ||    11
  Use: Scroll            |     6 |     3 ||     9
 Stab: Sleeping          |     2 |     3 ||     5
  Eat: Ration            |     1 |     2 ||     3
       Chunk             |       |     1 ||     1
Armor: Skin              |    39 |    53 ||    92
Dodge: Dodged            |    93 |   127 ||   220
       Rpst.: Falchion   |    16 |       ||    16
